 Dungeon Crawl Stone Soup version 0.29-a0-221-gceb61267dd (webtiles) character file.

Game seed: 4212786974097730448

11778 Hasart the Quickloader (level 11, -3/94 HPs)
             Began as a Demigod Hunter on Feb 27, 2022.
             Slain by a minotaur
             ... wielding a +4 vorpal mace
              (11 damage)
             ... in a Gauntlet.
             The game lasted 00:32:17 (15117 turns).

Hasart the Quickloader (Demigod Hunter)            Turns: 15117, Time: 00:32:17

Health: -3/94      AC: 12    Str: 16    XL:     11   Next: 29%
Magic:  14/14      EV: 20    Int: 10    God:
Gold:   295        SH:  0    Dex: 30    Spells: 10/10 levels left

rFire   . . .      SeeInvis .   a - +2 hand crossbow
rCold   . . .      Faith    .   (no shield)
rNeg    + . .      Spirit   .   A - +2 robe {Will+}
rPois   +          Reflect  .   (no helmet)
rElec   .          Harm     .   v - +2 cloak
rCorr   .          Rampage  .   (no gloves)
Will    ++...      NoTele   +   g - +0 pair of boots "Fyubbiph" {rN+ Str+3 Int-3 Dex+4}
Stlth   +++++.....              (no amulet)
HPRegen 0.25/turn               p - ring of poison resistance
MPRegen 0.14/turn               y - +4 ring of protection

@: mighty, invisible
A: high MP 1, forlorn, divine attributes
a: no special abilities


You were in a Gauntlet.
You visited 1 branch of the dungeon, and saw 11 of its levels.
You also visited: Ossuary and Gauntlet.

You collected 611 gold pieces.
You spent 316 gold pieces at shops.

Inventory:

Hand Weapons
 a - a +2 hand crossbow (weapon)
Armour
 b - a +1 leather armour
 g - the +0 pair of boots "Fyubbiph" (worn) {rN+ Str+3 Int-3 Dex+4}
   (You found it in a Gauntlet)

   Str:       It affects your strength (+3).
   Int:       It affects your intelligence (-3).
   Dex:       It affects your dexterity (+4).
   rN:        It protects you from negative energy.
 v - a +2 cloak (worn)
 A - a +2 robe of willpower (worn)
Jewellery
 p - a ring of poison resistance (left hand)
 y - a +4 ring of protection (right hand)
 z - a ring of protection from fire
Wands
 h - a wand of acid (12)
 j - a wand of mindburst (4)
 q - a wand of polymorph (7)
Scrolls
 c - 4 scrolls of blinking
 d - 2 scrolls of fear
 l - 5 scrolls of teleportation
 B - a scroll of enchant weapon
Potions
 e - 2 potions of cancellation
 f - 4 potions of flight
 k - a potion of berserk rage {unknown}
 m - 4 potions of curing
 n - 2 potions of mutation
 o - 3 potions of attraction
 r - 2 potions of brilliance {unknown}
 s - 2 potions of lignification {unknown}
 t - 2 potions of invisibility
 u - a potion of resistance {unknown}
 w - a potion of heal wounds


   Skills:
 + Level 7.8 Fighting
 * Level 11.4 Crossbows
 + Level 7.8 Dodging
 + Level 8.3 Stealth
 + Level 0.8 Evocations


You had 10 spell levels left.
You didn't know any spells.
Your spell library contained the following spells:

 Spells                   Type           Power      Damage    Failure   Level
 Beastly Appendage        Tmut           0%         N/A       36%         1
 Sting                    Tmut/Pois      0%         1d3       36%         1
 Poisonous Vapours        Pois/Air       0%         N/A       50%         2
 Wereblood                Tmut           0%         N/A       50%         2
 Gell's Gravitas          Tloc           0%         N/A       75%         3
 Lesser Beckoning         Tloc           0%         N/A       75%         3
 Spider Form              Tmut/Pois      0%         N/A       75%         3
 Teleport Other           Tloc           0%         N/A       75%         3
 Olgreb's Toxic Radiance  Pois           0%         N/A       98%         4


Dungeon Overview and Level Annotations

Branches:
Dungeon (11/15)            Temple (0/1) D:5            Lair (0/6) D:9
    Orc (0/2) D:9         Ossuary (visited)         Gauntlet (1/1)

Shops:
D:3 ?*!:

Annotations:
D:4 1 runed translucent door, Eustachio; bmj180's ghost, amateur DsNe
D:6 1 transporter, nago's ghost, novice DDHu
D:8 1 runed translucent door Gauntlet 6 transporters, 3 runed translucent doors


Innate Abilities, Weirdness & Mutations

You have an increased reservoir of magic. (+10% MP)
You shall have no god before yourself.
Your divine heritage dramatically boosts your attributes as you level up.


Message History

Shoot: a) +2 hand crossbow
Press: ? - help, Q - select action, (/) - cycle Shift-Dir - straight line, f/p - minotaur
Aim: a minotaur, wielding a +4 vorpal mace, wearing a +3 scale mail of fire resistance and quivering javelins (moderately wounded, 79% to hit)
You shoot a bolt.
The bolt hits the minotaur but does no damage.
The minotaur is moderately wounded.
The minotaur completely misses you. x2
Unknown command.
Shoot: a) +2 hand crossbow
Press: ? - help, Q - select action, (/) - cycle Shift-Dir - straight line, f/p - minotaur
Aim: a minotaur, wielding a +4 vorpal mace, wearing a +3 scale mail of fire resistance and quivering javelins (moderately wounded, 79% to hit)
You shoot a bolt. The bolt hits the minotaur.
The minotaur is moderately wounded.
The minotaur completely misses you. The minotaur closely misses you.
Unknown command.
Shoot: a) +2 hand crossbow
Press: ? - help, Q - select action, (/) - cycle Shift-Dir - straight line, f/p - minotaur
Aim: a minotaur, wielding a +4 vorpal mace, wearing a +3 scale mail of fire resistance and quivering javelins (moderately wounded, 79% to hit)
You shoot a bolt. The bolt hits the minotaur!
The minotaur is moderately wounded.
The minotaur hits you with a +4 vorpal mace!
* * * LOW HITPOINT WARNING * * *
x2 The minotaur misses you.
Unknown command.
Shoot: a) +2 hand crossbow
Press: ? - help, Q - select action, (/) - cycle Shift-Dir - straight line, f/p - minotaur
Aim: a minotaur, wielding a +4 vorpal mace, wearing a +3 scale mail of fire resistance and quivering javelins (moderately wounded, 79% to hit)
You shoot a bolt. The bolt barely misses the minotaur.
The minotaur hits you with a +4 vorpal mace.
* * * LOW HITPOINT WARNING * * *
x2 The minotaur closely misses you.
Unknown command.
Shoot: a) +2 hand crossbow
Press: ? - help, Q - select action, (/) - cycle Shift-Dir - straight line, f/p - minotaur
Aim: a minotaur, wielding a +4 vorpal mace, wearing a +3 scale mail of fire resistance and quivering javelins (moderately wounded, 79% to hit)
You shoot a bolt.
The bolt hits the minotaur but does no damage.
The minotaur is moderately wounded.
The minotaur completely misses you. The minotaur gores you!
You die...

⌠.⌠.⌠.©.©.⌠.⌠.⌠.
................
###.###.###.####
###.###.###.##
#.............#
#.###.###.###.#
#.###.###.###.#
#.............#
#######@#######
#.H...# ###.###
... ≈∩≈ ≈≈≈≈≈
#####


You could see a minotaur.

Vanquished Creatures
  Gastronok (D:9)
  Pikel (D:5)
  A deep elf zephyrmancer (D:6)
  2 cyclopes
  A komodo dragon (D:10)
  A hornet (D:6)
  Sigmund (D:6)
  A wyvern (D:9)
  A wraith (D:9)
  16 yaks
  3 shadows
  A steam dragon (D:8)
  3 vampire mosquitoes (D:11)
  Menkaure (Ossuary)
  5 water moccasins
  2 ice beasts
  An orc warrior (D:8)
  3 sky beasts
  5 black bears
  A necrophage (D:4)
  4 centaurs
  3 phantoms
  2 lemures
  A small abomination (Gauntlet)
  A kobold brigand (D:6)
  3 bullfrogs
  4 scorpions
  A gnoll sergeant (D:7)
  3 killer bees (D:8)
  4 wights
  2 howler monkeys (D:9)
  A jelly (D:5)
  5 hounds
  A gnoll shaman (D:4)
  9 orc priests
  4 iguanas
  8 orc wizards
  3 mummies (Ossuary)
  6 gnolls
  6 adders
  4 shadow imps (Gauntlet)
  5 white imps
  An ufetubus (D:6)
  4 worms
  3 dart slugs (D:1)
  30 orcs
  9 ball pythons
  9 bats
  5 endoplasms
  4 gnoll zombies (Ossuary)
  13 goblins
  10 hobgoblins
  11 kobolds
  4 quokkas
  4 frilled lizards
  5 gnoll skeletons (Ossuary)
  6 goblin skeletons (Ossuary)
  6 goblin zombies (Ossuary)
  5 hobgoblin skeletons (Ossuary)
  6 hobgoblin zombies (Ossuary)
  3 kobold skeletons (Ossuary)
  A kobold zombie (Ossuary)
  An orc skeleton (Ossuary)
  3 orc zombies (Ossuary)
  8 rats
  5 rat skeletons (Ossuary)
  5 rat zombies (Ossuary)
292 creatures vanquished.

Vanquished Creatures (others)
  Erica (D:8)
  31 fungi (D:9)
  56 plants (D:9)
88 creatures vanquished.

Grand Total: 380 creatures vanquished

Notes
Turn   | Place    | Note
-------+----------+-------------------------------------------
     0 | D:1      | Hasart the Demigod Hunter began the quest for the Orb.
     0 | D:1      | Reached XP level 1. HP: 17/17 MP: 3/3
    20 | D:1      | Reached skill level 1 in Stealth
   146 | D:1      | Reached XP level 2. HP: 24/24 MP: 4/4
   505 | D:1      | Reached skill level 4 in Crossbows
   568 | D:1      | You fall into a shaft and drop 1 floor!
   578 | D:2      | Reached XP level 3. HP: 10/29 MP: 5/5
  1479 | D:2      | Reached XP level 4. HP: 37/37 MP: 6/6
  1855 | D:3      | Found Vasir's Book Boutique.
  2025 | D:3      | Found Gumal's Distillery.
  2369 | D:3      | Reached XP level 5. HP: 5/42 MP: 7/7
  2653 | D:3      | Bought a potion of curing for 36 gold pieces
  2714 | D:3      | Found Ataisud's General Store.
  2728 | D:3      | Bought a scroll of teleportation for 42 gold pieces
  2876 | D:3      | Found Taagal's Magic Scroll Boutique.
  2946 | D:4      | Found a runed translucent door.
  2950 | D:4      | Noticed bmj180's ghost (amateur DsNe)
  2984 | D:4      | Noticed Eustachio
  3064 | D:4      | Found a sand-covered staircase.
  3073 | Ossuary  | Entered an ossuary
  3162 | Ossuary  | Reached skill level 5 in Crossbows
  3552 | Ossuary  | Noticed Menkaure
  3575 | Ossuary  | Killed Menkaure
  3576 | Ossuary  | Reached XP level 6. HP: 6/51 MP: 8/8
  3991 | D:4      | Noticed an air elemental
  3991 | D:4      | Noticed a water elemental
  3991 | D:4      | Noticed a fire elemental
  4576 | D:5      | Entered Level 5 of the Dungeon
  4576 | D:5      | Found a staircase to the Ecumenical Temple.
  4758 | D:4      | Reached XP level 7. HP: 6/57 MP: 9/9
  5042 | D:5      | Noticed Pikel
  5183 | D:5      | Reached skill level 6 in Crossbows
  6353 | D:5      | Killed Pikel
  6354 | D:5      | Reached skill level 7 in Crossbows
  6354 | D:5      | Reached XP level 8. HP: 20/67 MP: 10/10
  7191 | D:6      | Noticed Sigmund
  7200 | D:6      | Killed Sigmund
  7201 | D:6      | Reached skill level 5 in Dodging
  7201 | D:6      | Reached skill level 5 in Stealth
  7303 | D:6      | Reached skill level 5 in Fighting
  7521 | D:6      | Noticed nago's ghost (novice DDHu)
  7522 | D:6      | Found a transporter.
  7758 | D:6      | Reached skill level 8 in Crossbows
  7778 | D:6      | Reached XP level 9. HP: 64/74 MP: 11/11
  8008 | D:6      | Noticed a deep elf zephyrmancer
  8027 | D:6      | Killed a deep elf zephyrmancer
  8444 | D:3      | Bought a scroll of blinking for 105 gold pieces
  8468 | D:3      | Bought a scroll of magic mapping for 49 gold pieces
  8468 | D:3      | Bought a scroll of teleportation for 42 gold pieces
  8468 | D:3      | Bought a scroll of teleportation for 42 gold pieces
  8815 | D:7      | Noticed a cyclops
  8828 | D:7      | Killed a cyclops
  8829 | D:7      | Reached skill level 9 in Crossbows
  9881 | D:8      | Reached XP level 10. HP: 79/84 MP: 13/13
 10125 | D:8      | Noticed Erica
 10150 | D:8      | Killed Erica
 10411 | D:8      | Found a runed translucent door.
 10843 | D:8      | Reached skill level 10 in Crossbows
 10853 | D:8      | HP: 4/84 [orc priest/nerve-wracking pain (8)]
 10864 | D:8      | HP: 2/84 [something/magic dart (5)]
 11825 | D:9      | Found a staircase to the Orcish Mines.
 11926 | D:9      | Noticed Gastronok
 12013 | D:9      | Killed Gastronok
 12524 | D:9      | Found a staircase to the Lair.
 12769 | D:10     | Entered Level 10 of the Dungeon
 13259 | D:8      | Reached XP level 11. HP: 82/88 MP: 14/14
 13315 | D:8      | Reached skill level 11 in Crossbows
 14487 | D:11     | Found a gate leading to a gauntlet.
 14519 | Gauntlet | Entered a Gauntlet
 14519 | Gauntlet | Found a transporter.
 14519 | Gauntlet | Found a transporter.
 14522 | Gauntlet | Noticed a soul eater
 14720 | Gauntlet | Found a transporter.
 14721 | Gauntlet | Found a transporter.
 14724 | Gauntlet | Found a transporter.
 14724 | Gauntlet | Found a transporter.
 14754 | Gauntlet | Found a transporter.
 14758 | Gauntlet | Found a transporter.
 14766 | Gauntlet | Found a runed translucent gate.
 14766 | Gauntlet | Found a runed translucent gate.
 14770 | Gauntlet | Found a runed translucent gate.
 14771 | Gauntlet | Found a transporter.
 14785 | Gauntlet | Noticed a thrashing horror
 14787 | Gauntlet | Noticed a thrashing horror
 14788 | Gauntlet | Found a transporter.
 14803 | Gauntlet | Found a transporter.
 14807 | Gauntlet | Found a transporter.
 14808 | Gauntlet | Noticed a sixfirhy
 14865 | Gauntlet | Identified the +0 pair of boots "Fyubbiph" {rN+ Str+3 Int-3
                  | Dex+4}
 15106 | Gauntlet | Noticed a minotaur
 15117 | Gauntlet | Slain by a minotaur

Illustrated notes

Levels and vault maps discovered:
D:1:      psy_arrival_statuary, layout_rooms, st_stairs_14
D:2:      cheibrodos_greedy_goblins, layout_basic, ebering_ecumenical_altar_box,
          basic_altar, minmay_tromino_v7
D:3:      layout_basic, serial_shops, nicolae_shop_trees, shop_statue,
          nicolae_shop_stone, nicolae_shop_stone, minmay_misc_feat_ornament
D:4:      layout_gridville, nicolae_qazlal_style_of_elements,
          hellmonk_ghost_happy_afterlife, chequers_ossuary_entry_cave,
          uniq_eustachio
D:5:      layout_rooms, minmay_temple_entry_drinking_statues,
          cheibrodos_sewer_entry_drain, dk_noncrumbling_4,
          kennysheep_small_spiral, kennysheep_cluttered_room,
          minmay_misc_feat_diagonals, uniq_pikel
D:6:      layout_basic, gammafunk_ghost_smash, guppyfry_early_elven_hall,
          uniq_sigmund
D:7:      layout_basic, nicolae_concentric_dashed_squares_wild,
          chequers_serial_rivers_micro_c
D:8:      layout_rooms, lightli_church_of_beogh, uniq_erica
D:9:      layout_roguey, due_lair_maze_entry_diamond, orc_0_dummy,
          uniq_gastronok
D:10:     layout_basic
D:11:     layout_stronghold, gauntlet_entry_generic, kennysheep_generic_room_8
Gauntlet: minmay_gauntlet_77_indecision
          [minmay_gauntlet_arena_77_terracotta_army,
          minmay_gauntlet_arena_77_checkered, minmay_gauntlet_arena_77_braids,
          minmay_gauntlet_arena_77_chump_sandwich,
          minmay_gauntlet_arena_77_run_for_it, minmay_gauntlet_arena_77_box,
          gauntlet_exit_watery]

Skill      XL: |  1  2  3  4  5  6  7  8  9 10 11 |
---------------+----------------------------------+-----
Stealth        | 1 2 3 4 5 6 7 8 |  8.3
Fighting       | 2 3 4 5 6 7 |  7.8
Dodging        | 2 3 4 5 6 7 |  7.8
Crossbows      | 4 5 7 8 9 10 11 | 11.4
Evocations     | |  0.8

Action                   |  1- 3 |  4- 6 |  7- 9 | 10-12 || total
-------------------------+-------+-------+-------+-------++-------
 Fire: Hand crossbow     |   123 |   331 |   447 |   501 ||  1402
  Use: Potion            |       |     4 |       |     5 ||     9
       Scroll            |       |     1 |    13 |     5 ||    19
Armor: Leather armour    |    20 |    33 |    66 |    55 ||   174
       Robe              |       |       |       |    14 ||    14
Dodge: Dodged            |    35 |   105 |   229 |   236 ||   605

Table legend: (Time is in decaauts)
 A = Elapsed time spent in this place.
 B = Non-inter-level travel time spent in this place.
 C = Inter-level travel time spent in this place.
 D = Time resting spent in this place.
 E = Time spent auto-exploring this place.
 F = Levels seen in this place.
 G = Mean time per level.
                   A        B        C        D        E       F      G
               +--------+--------+--------+--------+--------+-----+--------+
         Total |  15427 |  14752 |    675 |   4836 |   6819 |  13 | 1186.7 |
       Dungeon |  13966 |  13291 |    675 |   4260 |   6511 |  11 | 1269.6 |
       Ossuary |    862 |    862 |      0 |    273 |    308 |   1 |  862.0 |
      Gauntlet |    597 |    597 |      0 |    302 |      0 |   1 |  597.0 |
               +--------+--------+--------+--------+--------+-----+--------+

Top non-repeatable levels by time:
     D:9: 2444 daAuts
     D:5: 1813 daAuts
     D:8: 1698 daAuts
     D:4: 1616 daAuts
     D:2: 1611 daAuts
     D:6: 1504 daAuts
     D:7: 1057 daAuts
     D:3: 942 daAuts
 Ossuary: 862 daAuts
Gauntlet: 597 daAuts
     D:1: 586 daAuts
    D:10: 567 daAuts
    D:11: 125 daAuts
